 Dungeon Crawl Stone Soup version 0.31-a0-344-gd109795599 (webtiles) character file.

Game seed: 577002255010008475

188 derpindaisy the Ruffian (level 6, -4/42 HPs)
             Began as a Djinni Shapeshifter on July 21, 2023.
             Was a Follower of Fedhas.
             Slain by an ogre
             ... wielding a +0 giant club
              (26 damage)
             ... on level 4 of the Dungeon.
             The game lasted 00:07:48 (2624 turns).

derpindaisy the Ruffian (Djinni Shapeshifter)       Turns: 2624, Time: 00:07:49

Health: -4/42      AC:  2    Str: 16    XL:     6   Next: 0%
Gold:   179        EV: 12    Int:  9    God:    Fedhas [*.....] SH:  0 Dex: 14

rFire   + +          +
                       - Unarmed
rCold   . . .        (no shield)
rNeg    . . .        a - +0 animal skin
rPois   ∞            (helmet currently unavailable)
rElec   +            (cloak currently unavailable)
rCorr   +            (gloves currently unavailable)
SInv    .            (boots unavailable)
Will    .....        (no amulet)
Stlth   ++           (no ring)
HPRegen 0.27/turn    (no ring)
MPRegen 0.00/turn

%: infuse magic (-5 HP)
@: beast-form, resistant, flying
A: beast (slay +2), flying, sickness immunity, fire resistance 2, cold
vulnerability 1, float, innate caster, HP casting, extra vitality 1
a: Begin Untransformation, Renounce Religion


You were on level 4 of the Dungeon.
You worshipped Fedhas.
Fedhas was aware of your devotion.
You were a hulking beast.
You visited 1 branch of the dungeon, and saw 4 of its levels.

You collected 179 gold pieces.

Inventory:

Armour
 a - a +0 animal skin (worn)
Talismans
 c - a beast talisman
 j - a dragon-blood talisman
Scrolls
 f - 2 scrolls of noise
 l - 2 scrolls of poison {unknown}
 n - 2 scrolls of amnesia {unknown}
Potions
 b - a potion of lignification
 g - a potion of ambrosia {unknown}
 h - a potion of resistance
 i - 3 potions of curing {unknown}
 k - 2 potions of enlightenment {unknown}
 m - a potion of might {unknown}


   Skills:
 + Level 1.4 Fighting
 + Level 2.7 Dodging
 + Level 1.7 Stealth
 + Level 4.5 Unarmed Combat
 * Level 3.4 Shapeshifting


You knew the following spells:

 Your Spells              Type           Power      Damage    Failure   Level
a - Summon Small Mammal   Summ           0%         N/A       38%         1
b - Passwall              Tmut/Erth      0%         N/A       52%         2
Your spell library was empty.

Dungeon Overview and Level Annotations

Branches:
Dungeon (4/15)
 Temple: D:4-7

Altars:
Fedhas

Shops:
D:1 (

Annotations:
D:3 Sigmund


Innate Abilities, Weirdness & Mutations

You are a hulking beast.
Your limbs bulge with bestial killing power. (Slay +2)
You are flying.
You are immune to sickness and miasma.
You are immune to poison.
Your flesh is very heat resistant. (rF++)
You are vulnerable to cold. (rC-)
You float through the air rather than walking.
You learn spells naturally, not from books.
Your magical power is your life essence.
You have superior vitality. (+4 MHP)


Message History

Casting: Summon Small Mammal (safe; 38% risk of failure)
Confirm with . or Enter, or press ? or * to list all spells.
You miscast Summon Small Mammal.
You are very lightly contaminated with residual magic.
Nothing appears to happen.
Your magical contamination has completely faded away.
Casting: Summon Small Mammal (safe; 38% risk of failure)
Confirm with . or Enter, or press ? or * to list all spells.
You miscast Summon Small Mammal.
You are very lightly contaminated with residual magic.
Nothing appears to happen.
Things that are here:
a +0 club; a goblin skeleton You hit the ogre.
The ogre is lightly wounded.
The ogre hits you with a +0 giant club!
Your magical contamination has completely faded away.
You hit the ogre.
The ogre is lightly wounded.
You hit the ogre.
The ogre is moderately wounded.
The ogre closely misses you.
You punch the ogre!
The ogre is heavily wounded.
You closely miss the ogre.
The ogre is heavily wounded.
The ogre misses you.
You hit the ogre.
The ogre is heavily wounded.
The ogre hits you with a +0 giant club!
Things that are here:
a +2 hand axe of distortion; a +0 ring mail It was a potion of resistance.
You feel protected.
You hit the ogre.
The ogre is heavily wounded.
The ogre hits you with a +0 giant club!!
Ouch! That really hurt!
You die...
Fedhas appreciates your contribution to the ecosystem.

#. ## # # #. .. .#. #..
#.# #.# ###.. ####### #.#
#.# ......#.....######.##
#.#
#.....#.###.........##
#.#
#.......hO......#..###.##
..###..########...#.##...
##...######.#####.....
###
#.##........###.###O#####
#..###......###.# ##O#.##
# ###.#.#.###..## ##.##
## .##...........## ###
#. .......)...#### ##
..#.#..#.#.# #


You could see an ogre.

Vanquished Creatures
  A scorpion (D:4)
  An iguana (D:4)
  Jessica (D:3)
  An adder (D:2)
  A worm (D:2)
  A dart slug (D:3)
  An orc (D:4)
  5 endoplasms
  4 giant cockroaches
  9 goblins
  4 hobgoblins
  3 jackals (D:3)
  6 kobolds
  3 quokkas
  7 ball pythons
  5 bats
  2 frilled lizards
  A rat (D:2)
56 creatures vanquished.

Notes
Turn   | Place    | Note
-------+----------+-------------------------------------------
     0 | D:1      | derpindaisy the Djinni Shapeshifter began the quest for the
                  | Orb.
     0 | D:1      | Reached XP level 1. HP: 17/17 MP: 0/0
   224 | D:1      | Reached XP level 2. HP: 16/22 MP: 0/0
   264 | D:1      | Found Aducukeo's Antique Weapon Shop.
  1090 | D:2      | Reached XP level 3. HP: 27/27 MP: 0/0
  1090 | D:2      | Learned a level 1 spell: Summon Small Mammal
  1421 | D:2      | Found a faded altar of an unknown god.
  1857 | D:2      | Prayed at the altar of an unknown god.
  1857 | D:2      | Became a worshipper of Fedhas Madash
  1857 | D:2      | Reached * piety under Fedhas
  1883 | D:3      | Noticed Jessica
  1898 | D:3      | Killed Jessica
  1899 | D:3      | Reached skill level 1 in Stealth
  1899 | D:3      | Reached XP level 4. HP: 32/32 MP: 0/0
  2059 | D:3      | Noticed Sigmund
  2180 | D:4      | Reached skill level 4 in Unarmed Combat
  2242 | D:4      | Noticed a scorpion
  2258 | D:4      | Killed a scorpion
  2259 | D:4      | Reached XP level 5. HP: 9/37 MP: 0/0
  2259 | D:4      | Learned a level 2 spell: Passwall
  2527 | D:4      | Reached XP level 6. HP: 35/42 MP: 0/0
  2565 | D:4      | Noticed an ogre
  2624 | D:4      | Slain by an ogre

Illustrated notes

Levels and vault maps discovered:
D:1:      giann_horns, layout_loops_corners, serial_shops, nicolae_diamond_shop,
          nicolae_figureground_sparkle
D:2:      layout_loops_ring, ebering_ecumenical_altar_webs, serial_aquarium,
          aquarium_bridge_square [aquarium_subvault_bridge,
          aquarium_subvault_window, aquarium_subvault_wall,
          aquarium_subvault_bridge], aquarium_window_corner,
          aquarium_window_corner, aquarium_view_4, aquarium_view_2f,
          aquarium_pool_double, roderic_st_hans_cross, amcnicky_mini_pool_small,
          grunt_ministairs_3
D:3:      layout_rooms, uniq_sigmund, uniq_jessica
D:4:      layout_loops_ring, minmay_unequal, uniq_crazy_yiuf_cottage,
          uniq_eustachio, uniq_robin

Skill      XL: |  1  2  3  4 |
---------------+-------------+-----
Shapeshifting  | 3 |  3.4
Stealth        | 1 |  1.7
Unarmed Combat | 4 |  4.5
Fighting       | |  1.4
Dodging        | |  2.7

Action                     |  1- 3 |  4- 6 || total
---------------------------+-------+-------++-------
  Melee: Unarmed           |    86 |    68 ||   154
         Punch             |     2 |     2 ||     4
    Use: Scroll            |     2 |       ||     2
         Potion            |       |     4 ||     4
   Stab: Sleeping          |     7 |     2 ||     9
 Armour: Animal skin       |     9 |     6 ||    15
  Dodge: Dodged            |    43 |    40 ||    83
   Form: Beast             |     2 |       ||     2
                           |     1 |       ||     1
         Dragon            |     1 |       ||     1

Table legend: (Time is in decaauts)
 A = Elapsed time spent in this place.
 B = Non-inter-level travel time spent in this place.
 C = Inter-level travel time spent in this place.
 D = Time resting spent in this place.
 E = Time spent auto-exploring this place.
 F = Levels seen in this place.
 G = Mean time per level.
                   A        B        C        D        E       F      G
               +--------+--------+--------+--------+--------+-----+--------+
         Total |   2626 |   2522 |    104 |    412 |   1640 |   4 |  656.5 |
       Dungeon |   2626 |   2522 |    104 |    412 |   1640 |   4 |  656.5 |
               +--------+--------+--------+--------+--------+-----+--------+

Top non-repeatable levels by time:
     D:1: 966 daAuts
     D:2: 910 daAuts
     D:4: 547 daAuts
     D:3: 202 daAuts
